AoeStats
← sebojo

Golden Pit

509257313Analyzed
1v1 RM · 5d ago on Sep 26, 2026· 45m 7s· 2 players
Game mode
Random Map
Map size
Tiny (2 player)
Population
200
Speed
Normal
Resources
Standard
Victory
Conquest
Starting age
Dark Age
Ending age
Imperial Age
RankedLock teamsTeams togetherTeam positionsShared explorationLock speedFull tech treeHidden civsTurbo modeCheats
Victory
Defeat
🇨🇴 Turks · Colombia
395
+12
🇬🇧 Bulgarians · United Kingdom
295
-12
sebojo
3:51 Loom
13:06 Feudal Age
14:23 Wheelbarrow
13:38 Town Watch
15:53 Double-Bit Axe
18:28 Horse Collar
28:13 Scale Barding Armor
31:08 Castle Age
29:16 Gold Mining
42:38 Bow Saw
44:19 Hand Cart
alorozco77
6:01 Loom
10:55 Feudal Age
13:11 Wheelbarrow
13:06 Double-Bit Axe
15:50 Bloodlines
23:35 Castle Age
26:11 Scale Barding Armor
26:17 Forging
27:34 Chain Barding Armor
39:06 Imperial Age
38:55 Gold Mining
39:52 Artillery
39:36 Elite Janissary
40:35 Husbandry
41:46 Conscription
43:32 Artillery
43:33 Stone Mining
Connection lost

Rejoining the realm…

Still unreachable

The connection could not be restored.

Session expired

The server has moved on; the page needs a fresh start.